 Dungeon Crawl Stone Soup version 0.25-a0-670-g50981ef59b (webtiles) character file.

Game seed: 1526648724553348715, levelgen mode: deterministic

14 Error4North the Firebug (level 2, -5/26 HPs)
             Began as an Ogre Fire Elementalist on Mar 29, 2020.
             Slain by a gnoll (6 damage)
             ... on level 1 of the Dungeon.
             The game lasted 00:02:47 (596 turns).

Error4North the Firebug (Ogre Fire Elementalist)     Turns: 596, Time: 00:02:48

Health: -5/26      AC:  3    Str: 11    XL:     2   Next: 45%
Magic:  0/5        EV: 10    Int: 16    God:
Gold:   28         SH:  0    Dex:  9    Spells: 5/6 levels left

rFire    . . .     SeeInvis .   (no weapon)
rCold    . . .     Gourm    .   (no shield)
rNeg     . . .     Faith    .   a - +0 robe
rPois    .         Spirit   .   (helmet restricted)
rElec    .         Reflect  .   (no cloak)
rCorr    .         Harm     .   (gloves unavailable)
MR       .....                  (boots unavailable)
Stlth    +.........             (no amulet)
HPRegen  0.08/turn              (no ring)
MPRegen  0.09/turn              (no ring)

@: very slightly contaminated
A: large, unfitting armour, tough skin 1
a: no special abilities


You were on level 1 of the Dungeon.
You were not hungry.

You visited 1 branch of the dungeon, and saw 1 of its levels.

You collected 28 gold pieces.

Inventory:

Armour
 a - a +0 robe (worn)
Jewellery
 b - an uncursed amulet of guardian spirit {unknown}
 e - an uncursed ring of magical power
Scrolls
 d - a scroll of fog {unknown}
Comestibles
 c - 3 rations


   Skills:
 * Level 0.6 Fighting
 * Level 1.7 Dodging
 + Level 1.4 Stealth
 * Level 2.8 Spellcasting
 * Level 1.0 Conjurations
 * Level 3.0 Fire Magic


You had 5 spell levels left.
You knew the following spells:

 Your Spells              Type           Power        Failure   Level  Hunger
a - Foxfire               Conj/Fire      #...         9%          1    #......

Your spell library contained the following spells:

 Spells                   Type           Power        Failure   Level  Hunger
 Conjure Flame            Conj/Fire      #.......     24%         3    ###....
 Inner Flame              Hex/Fire       #.......     30%         3    ###....
 Sticky Flame             Conj/Fire      #.......     63%         4    #####..
 Fireball                 Conj/Fire      #.........   92%         5    ######.


Dungeon Overview and Level Annotations

Branches:
Dungeon (1/15)

Altars:


Innate Abilities, Weirdness & Mutations

You are too large for most types of armour.
You have tough skin. (AC +1)


Message History

The gnoll hits you!
* * * LOW HITPOINT WARNING * * *
Things that are here:
a +0 club; a cursed -1 robe; a hobgoblin corpse
Casting: Foxfire (safe; 9% risk of failure)
Confirm with . or Enter, or press ? or * to list all spells.
You conjure some foxfire!
The gnoll hits you but does no damage.
The foxfire hits the gnoll but does no damage.
The gnoll is moderately wounded.
The foxfire hits the gnoll.
The gnoll is severely wounded.
You hit the gnoll but do no damage.
The gnoll is severely wounded.
The gnoll hits you.
* * * LOW HITPOINT WARNING * * *
You aren't carrying any potions.
Casting: Foxfire (safe; 9% risk of failure)
Confirm with . or Enter, or press ? or * to list all spells.
You conjure some foxfire!
The gnoll hits you.
You die...

#8.. ###. .# . ##
###.# .. #
...####.# #
#..[..#.# # #.
#..##.#.# #.
#..###..#v...# ##.
#.........@..# ...
#.........gv## #
#.###
######...#.######..
#...##
#...#)........
###...
##.........#...
#...##
########..######.#
#.#..##
..........######.#
#.>..#
########.........
####.# #.######.#
#.#


You could see a gnoll.

Vanquished Creatures
  A dart slug (D:1)
  A goblin (D:1)
  3 hobgoblins (D:1)
  2 bats (D:1)
  A frilled lizard (D:1)
  2 kobolds (D:1)
  2 rats (D:1)
12 creatures vanquished.

Vanquished Creatures (others)
  20 foxfires (D:1)
20 creatures vanquished.

Grand Total: 32 creatures vanquished

Notes
Turn   | Place    | Note
-------+----------+-------------------------------------------
     0 | D:1      | Error4North the Ogre Fire Elementalist began the quest for
                  | the Orb.
     0 | D:1      | Reached XP level 1. HP: 16/16 MP: 3/3
   318 | D:1      | Reached XP level 2. HP: 26/26 MP: 3/5
   571 | D:1      | Reached skill level 3 in Fire Magic
   585 | D:1      | Reached skill level 1 in Conjurations
   593 | D:1      | HP: 1/26 [gnoll (2)]
   596 | D:1      | Slain by a gnoll

Levels and vault maps discovered:
D:1:      giann_bridges, layout_loops_ring, corner_web_ring,
          chequers_hall_statues_y

Skill      XL: |  1  2 |
---------------+-------+-----
Fire Magic     | 3 |  3.0
Conjurations   | 1 |  1.0
Fighting       | |  0.6
Dodging        | |  1.7
Stealth        | |  1.4
Spellcasting   | |  2.8

Action                   || total
-------------------------++-------
Melee: Unarmed           ||    39
 Cast: Foxfire           ||    14
Armor: Robe              ||     8
Dodge: Dodged            ||    22

Table legend:
 A = Non-vault XP
 B = Vault XP
 C = Vault XP percentage of total XP
 D = Non-vault monster count
 E = Vault monster count
 F = Vault count percentage of total count
                 A         B        C        D         E       F
            +---------+---------+-------+---------+---------+-------
      Total |      21 |       0 |   0.0 |      12 |       0 |   0.0
            +---------+---------+-------+---------+---------+-------
        D:1 |      21 |       0 |   0.0 |      12 |       0 |   0.0
            +---------+---------+-------+---------+---------+-------
